 Dungeon Crawl Stone Soup version 0.17.1-2-g5865329 (webtiles) character file.

198 Grim the Slinger (level 6, -5/39 HPs)
             Began as a Halfling Hunter on Jan 27, 2016.
             Slain by an orc priest
             ... wielding a +0 club
              (7 damage)
             ... on level 4 of the Dungeon.
             The game lasted 00:10:08 (3487 turns).

Grim the Slinger (Halfling Hunter)                  Turns: 3487, Time: 00:10:08

Health: -5/39      AC:  7    Str: 17    XL:     6   Next: 6%
Magic:  6/6        EV: 21    Int: 10    God:
Gold:   183        SH:  0    Dex: 22    Spells: 0 memorised, 5 levels left

rFire  + + .     SeeInvis .     b - +0 short sword
rCold  x . .     Clarity  .     u - +2 robe {rF+}
rNeg   . . .     SustAt   .     (shield restricted)
rPois  .         Gourm    +     g - +0 helmet (curse)
rElec  .         Spirit   .     (no cloak)
rCorr  .         Warding  .     k - +1 pair of gloves
rMut   .         Stasis   .     (no boots)
MR     .....                    y - amulet of the gourmand
Stlth  +++.......               C - ring of fire
                                v - +6 ring of evasion

@: mighty, agile, not resistant to hostile enchantments, fairly stealthy
A: mutation resistance 1
a: no special abilities


You were on level 4 of the Dungeon.
You were not hungry.

You visited 2 branches of the dungeon, and saw 5 of its levels.

You collected 183 gold pieces.

Inventory:

Hand Weapons
 a - a +1 hunting sling
 b - a +0 short sword (weapon)
Missiles
 d - 40 sling bullets
 j - 100 stones (quivered)
Armour
 g - a cursed +0 helmet (worn)
 k - a +1 pair of gloves (worn)
 u - a +2 robe of fire resistance (worn)
Jewellery
 v - a +6 ring of evasion (left hand)
 y - an amulet of the gourmand (around neck)
 C - a ring of fire (right hand)
Wands
 n - a wand of random effects (34)
Scrolls
 c - a scroll of immolation
 l - a scroll of fear {unknown}
Potions
 f - a potion of agility
 h - a potion of cancellation {unknown}
 i - 2 potions of haste
 m - 2 potions of curing
 o - a potion of flight {unknown}
 r - a potion of poison {unknown}
 t - a potion of brilliance {unknown}
 w - a potion of lignification {unknown}
 x - a potion of berserk rage {unknown}
 z - a potion of heal wounds {unknown}
 B - a potion of might
Comestibles
 e - 3 bread rations
 p - 4 meat rations
 q - 6 fruits
 s - a royal jelly


   Skills:
 - Level 1.7 Fighting
 + Level 4.7 Short Blades
 + Level 8.1 Slings
 - Level 2.1 Dodging
 - Level 1.1 Stealth


You had 5 spell levels left.
You didn't know any spells.

Dungeon Overview and Level Annotations

Branches:
Dungeon (4/15)             Temple (1/1) D:4

Altars:
Ashenzari
Cheibriados
Elyvilon
Fedhas
Gozag
Kikubaaqudgha
Nemelex Xobeh
Okawaru
Qazlal
Ru
Sif Muna
Vehumet
Xom
The Shining One

Shops:
D:4 *

Annotations:
D:4 Grinder, Sigmund


Innate Abilities, Weirdness & Mutations

You are small and have problems with some larger weapons.
You are somewhat resistant to further mutation.


Message History

* * * LOW HITPOINT WARNING * * *
The orc barely misses you. The orc priest misses you.
You closely miss the orc priest.
The orc priest is heavily wounded.
The orc completely misses you. The orc hits you.
* * * LOW HITPOINT WARNING * * *
The orc priest mumbles some strange prayers to Beogh against you.
Something smites you!
* * * LOW HITPOINT WARNING * * *
Read which item? (? for menu, Esc to quit)
As you read the scroll labeled PEGGIEL QUSMI, it crumbles to dust.
The creatures around you are filled with an inner flame!
It was a scroll of immolation.
The orc misses you. The orc closely misses you.
The orc priest completely misses you. The orc misses you.
The orc priest miscasts a cantrip.
The orc hits you but does no damage.
There is a staircase to the Ecumenical Temple here.
The orc priest hits you with a club!
You die...

.##.##...........# ##.#.....#
##.##.#..#.##.#.###........###
.........#.##.#..............#
##............[.###...#.####.#
##############[# #####.#
###.### #.# #88888# #.#
#8..o8## #.##
#8.@o..####..####
#8..o8..#.......#
#88888#.#.......#
#######.#.......# #..........#
#.....o........#
#.###.o........# ...##.......#
#.o. #########


You could see an orc priest (inner flame) and 2 orcs.

Vanquished Creatures
  A hound (D:4)
  2 orc wizards (D:4)
  Robin (D:4)
  3 adders
  2 worms (D:2)
  3 orcs (D:4)
  2 ball pythons (D:3)
  2 giant cockroaches
  12 hobgoblins
  3 jackals
  A quokka (D:3)
  13 bats
  2 giant geckos
  6 giant newts
  11 goblins
  5 kobolds
  6 rats
75 creatures vanquished.

Vanquished Creatures (others)
  4 toadstools (D:1)
4 creatures vanquished.

Grand Total: 79 creatures vanquished

Notes
Turn   | Place    | Note
--------------------------------------------------------------
     0 | D:1      | Grim the Halfling Hunter began the quest for the Orb.
     0 | D:1      | Reached XP level 1. HP: 14/14 MP: 1/1
   160 | D:1      | Reached skill level 6 in Slings
   180 | D:1      | Reached skill level 1 in Short Blades
   319 | D:1      | Reached XP level 2. HP: 19/19 MP: 2/2
   644 | D:1      | Reached XP level 3. HP: 24/24 MP: 3/3
   853 | D:2      | Found a shimmering altar of Xom.
   999 | D:2      | Found a shattered altar of Ashenzari.
  1284 | D:2      | Reached XP level 4. HP: 29/29 MP: 4/4
  1615 | D:3      | Found an iron altar of Okawaru.
  1776 | D:3      | Reached skill level 7 in Slings
  2468 | D:4      | Found Mirghoq's Assorted Antiques.
  2468 | D:4      | Noticed Robin
  2793 | D:4      | Killed Robin
  2793 | D:4      | Reached XP level 5. HP: 22/34 MP: 5/5
  2924 | D:4      | Noticed Sigmund
  2926 | D:4      | Noticed Grinder
  3029 | D:4      | Found a staircase to the Ecumenical Temple.
  3058 | D:4      | Reached skill level 8 in Slings
  3069 | D:4      | Reached XP level 6. HP: 20/39 MP: 6/6
  3322 | Temple   | Entered the Ecumenical Temple
  3483 | D:4      | HP: 1/39 [orc priest/divine providence (13)]
  3487 | D:4      | Slain by an orc priest

Action                   |  1- 3 |  4- 6 || total
-------------------------+-------+-------++-------
Melee: Short sword       |    34 |   177 ||   211
 Fire: Hunting sling     |    65 |    26 ||    91
  Use: Scroll            |       |     5 ||     5
       Potion            |       |     6 ||     6
  Eat: Chunk             |     1 |     4 ||     5
       Bread ration      |       |     1 ||     1
